 Dungeon Crawl Stone Soup version 0.28-a0-381-g937acc2988 (webtiles) character file.

Game seed: 5803430034315333839

2446 bearlyready the Slasher (level 9, 0/111 HPs)
             Began as a Gnoll Cinder Acolyte on Sept 1, 2021.
             Was a High Priest of Ignis.
             Slain by a wraith (5 damage)
             ... on level 6 of the Dungeon.
             The game lasted 00:16:41 (9492 turns).

bearlyready the Slasher (Gnoll Cinder Acolyte)      Turns: 9492, Time: 00:16:42

Health: 0/111      AC:  8    Str: 18    XL:     9   Next: 49%
Magic:  0/16       EV: 10    Int: 13    God:    Ignis [*****.]
Gold:   369        SH:  0    Dex:  7    Spells: 17/18 levels left

rFire   + . .      SeeInvis .   a - -1 falchion (flame)
rCold   . . .      Faith    .   (no shield)
rNeg    . . .      Spirit   +   w - +0 scale mail
rPois   .          Reflect  .   (no helmet)
rElec   .          Harm     .   e - +0 cloak
rCorr   .          Rampage  .   (no gloves)
Will    +....                   (no boots)
Stlth   ..........              h - amulet of guardian spirit
HPRegen 0.28/turn               j - ring of willpower
MPRegen 0.15/turn               (no ring)

@: berserking (expiring), slowed
A: fangs 1, strong nose, distributed training
a: Renounce Religion, Sea of Fire, Foxfire Swarm, Rising Flame


You were on level 6 of the Dungeon.
You worshipped Ignis.
Ignis was extremely pleased with you.
You visited 1 branch of the dungeon, and saw 6 of its levels.

You collected 369 gold pieces.

Inventory:

Hand Weapons
 a - a -1 falchion of flaming (weapon)
 b - a +2 hunting sling of flaming
Missiles
 f - 254 stones (quivered)
 q - 54 arrows
 r - 12 sling bullets
 t - 78 bolts
 A - 2 curare-tipped darts
Armour
 e - a +0 cloak (worn)
 o - a +0 ring mail
 w - a +0 scale mail (worn)
Jewellery
 h - an amulet of guardian spirit (around neck)
 j - a ring of willpower (left hand)
Scrolls
 c - 2 scrolls of identify
 d - a scroll of fog {unknown}
 g - 2 scrolls of enchant armour
 k - a scroll of magic mapping {unknown}
 l - 2 scrolls of fear {unknown}
 m - 2 scrolls of silence
 p - a scroll of holy word {unknown}
 s - 2 scrolls of immolation {unknown}
 y - a scroll of acquirement {unknown}
 C - a scroll of enchant weapon {unknown}
Potions
 n - 2 potions of lignification
 u - a potion of attraction
 x - a potion of magic {unknown}
 z - a potion of brilliance {unknown}
 B - a potion of curing


   Skills:
 + Level 7.9 Fighting
 + Level 4.3 Short Blades
 + Level 7.9 Long Blades
 + Level 4.3 Axes
 + Level 4.3 Maces & Flails
 + Level 4.3 Polearms
 + Level 4.3 Staves
 + Level 4.3 Slings
 + Level 4.3 Bows
 + Level 4.3 Crossbows
 + Level 4.3 Throwing
 + Level 4.3 Armour
 + Level 4.3 Dodging
 + Level 4.3 Stealth
 + Level 4.3 Shields
 + Level 4.3 Unarmed Combat
 + Level 5.2 Spellcasting
 + Level 3.5 Conjurations
 + Level 3.5 Hexes
 + Level 3.5 Summonings
 + Level 3.5 Necromancy
 + Level 3.5 Translocations
 + Level 3.5 Transmutations
 + Level 4.2 Fire Magic
 + Level 3.5 Ice Magic
 + Level 3.5 Air Magic
 + Level 3.5 Earth Magic
 + Level 3.5 Poison Magic
 + Level 4.7 Invocations
 + Level 4.3 Evocations


You had 17 spell levels left.
You knew the following spells:

 Your Spells              Type           Power      Damage    Failure   Level
a - Foxfire               Conj/Fire      52%        2x1d6     11%         1

Your spell library contained the following spells:

 Spells                   Type           Power      Damage    Failure   Level
 Animate Skeleton         Necr           24%        N/A       13%         1
 Apportation              Tloc           24%        N/A       13%         1
 Beastly Appendage        Tmut           24%        N/A       13%         1
 Corona                   Hex            13%        N/A       13%         1
 Summon Small Mammal      Summ           48%        N/A       13%         1
 Wereblood                Tmut           12%        N/A       19%         2
 Conjure Flame            Conj/Fire      13%        6-21      32%         3
 Ignite Poison            Fire/Tmut/Pois 13%        N/A       34%         3
 Spider Form              Tmut/Pois      6%         N/A       36%         3
 Sticky Flame             Conj/Fire      13%        2d4       73%         4


Dungeon Overview and Level Annotations

Branches:
Dungeon (6/15)
 Temple: D:4-7

Altars:
Okawaru
Ru
Yredelemnul

Shops:
D:2 (


Innate Abilities, Weirdness & Mutations

You have very sharp teeth.
Your uncanny sense of smell can sniff out nearby items.
Your experience applies equally to all skills.


Message History

The wraith hits you but does no damage.
Casting: Foxfire (safe; 11% risk of failure)
Confirm with . or Enter, or press ? or * to list all spells.
You conjure some foxfire!
The wraith hits you.
* * * LOW HITPOINT WARNING * * *
The wraith drains your vigour!
You feel as though you will be slow longer.
You hit the wraith but do no damage. You bite the wraith, but do no damage.
The wraith is heavily damaged.
The foxfire hits the wraith.
The wraith is heavily damaged.
The foxfire hits the wraith but does no damage.
The wraith is heavily damaged.
The foxfire hits the wraith.
The wraith is heavily damaged.
The wraith hits you.
* * * LOW HITPOINT WARNING * * *
The wraith drains your vigour!
You feel as though you will be slow longer.
The foxfire hits the wraith but does no damage.
The wraith is heavily damaged.
The wraith hits you but does no damage. The wraith closely misses you.
The wraith hits you!
* * * LOW HITPOINT WARNING * * *
Your magical contamination has completely faded away.
Okay, then.
A red film seems to cover your vision as you go berserk!
You feel yourself moving faster!
You feel mighty! The wraith barely misses you. The wraith hits you!
* * * LOW HITPOINT WARNING * * *
The wraith drains your vigour!
You feel as though you will be slow longer.
You barely miss the wraith. Your bite misses the wraith.
The wraith is heavily damaged.
The wraith barely misses you.
You hit the wraith but do no damage.
The wraith is heavily damaged.
The wraith hits you.
You die...

####.#..................#
#.#..#.#######..#.##.#
#.#......<# #..#....#
##.#.#####)# #..#.##.#
#..#.# #)####..#.##.#
#.##.# #)..).....##.#
#.##.# #.####..####.#
#.##.#####............#
#.##..@W......#........
##.##.##.#..#..##.####.#
#..........###....# #>#
#..######.## ##.### #.#
#.)# #.## ##.#####.# #))#
##.## ##........#
#).#######.###.#########
#...........#......#
#.##########.#####.#


You could see a wraith.

Vanquished Creatures
  6 yaks
  2 steam dragons
  2 sky beasts
  An ogre (D:5)
  A centaur (D:4)
  A phantom (D:4)
  4 scorpions
  A centaur zombie (D:6)
  A hound (D:4)
  A bullfrog skeleton (D:5)
  4 orc priests
  An iguana (D:5)
  4 orc wizards
  A hound zombie (D:5)
  5 hound skeletons
  A howler monkey zombie (D:5)
  10 gnolls
  6 adders
  An ufetubus (D:5)
  3 dart slugs
  23 orcs
  2 bats
  7 endoplasms
  8 giant cockroaches
  9 goblins
  12 hobgoblins
  3 quokkas
  7 ball pythons
  2 frilled lizards
  8 kobolds
  3 rats (D:1)
  A spectral orc (D:5)
141 creatures vanquished.

Vanquished Creatures (others)
  2 gnolls (D:6)
  An orc (D:6)
  333 foxfires
  2 fungi (D:1)
  A plant (D:1)
339 creatures vanquished.

Grand Total: 480 creatures vanquished

Notes
Turn   | Place    | Note
-------+----------+-------------------------------------------
     0 | D:1      | bearlyready the Gnoll Cinder Acolyte began the quest for
                  | the Orb.
     0 | D:1      | Reached XP level 1. HP: 23/23 MP: 4/4
   288 | D:1      | Reached XP level 2. HP: 20/29 MP: 5/5
   865 | D:1      | Reached XP level 3. HP: 29/35 MP: 7/7
   956 | D:1      | Found a faded altar of an unknown god.
  1421 | D:2      | Found Votaipoh's Weapon Boutique.
  1499 | D:2      | Reached skill level 1 in Invocations
  1693 | D:2      | Reached skill level 1 in Short Blades
  1693 | D:2      | Reached skill level 1 in Axes
  1693 | D:2      | Reached skill level 1 in Maces & Flails
  1693 | D:2      | Reached skill level 1 in Polearms
  1693 | D:2      | Reached skill level 1 in Staves
  1693 | D:2      | Reached skill level 1 in Slings
  1693 | D:2      | Reached skill level 1 in Bows
  1693 | D:2      | Reached skill level 1 in Crossbows
  1693 | D:2      | Reached skill level 1 in Throwing
  1693 | D:2      | Reached skill level 1 in Armour
  1693 | D:2      | Reached skill level 1 in Dodging
  1693 | D:2      | Reached skill level 1 in Stealth
  1693 | D:2      | Reached skill level 1 in Shields
  1693 | D:2      | Reached skill level 1 in Unarmed Combat
  1693 | D:2      | Reached skill level 1 in Evocations
  1946 | D:2      | Reached XP level 4. HP: 41/41 MP: 8/8
  2542 | D:2      | Reached skill level 1 in Conjurations
  2542 | D:2      | Reached skill level 1 in Hexes
  2542 | D:2      | Reached skill level 1 in Summonings
  2542 | D:2      | Reached skill level 1 in Necromancy
  2542 | D:2      | Reached skill level 1 in Translocations
  2542 | D:2      | Reached skill level 1 in Transmutations
  2542 | D:2      | Reached skill level 1 in Ice Magic
  2542 | D:2      | Reached skill level 1 in Air Magic
  2542 | D:2      | Reached skill level 1 in Earth Magic
  2542 | D:2      | Reached skill level 1 in Poison Magic
  3077 | D:2      | Reached XP level 5. HP: 13/47 MP: 2/9
  4159 | D:4      | Reached XP level 6. HP: 36/53 MP: 2/11
  4911 | D:4      | Reached XP level 7. HP: 59/59 MP: 7/12
  5222 | D:4      | Found a sacrificial altar of Ru.
  5635 | D:5      | Entered Level 5 of the Dungeon
  5635 | D:5      | Noticed a yak
  5635 | D:5      | Noticed a yak
  5635 | D:5      | Noticed a yak
  5635 | D:5      | Noticed a yak
  5635 | D:5      | Noticed a yak
  5635 | D:5      | Noticed a yak
  5645 | D:4      | Killed a yak
  5899 | D:5      | Reached XP level 8. HP: 42/67 MP: 8/14
  6382 | D:4      | Killed a yak
  7204 | D:6      | Killed a yak
  7233 | D:6      | Reached XP level 9. HP: 20/72 MP: 4/16
  7844 | D:4      | Reached skill level 5 in Spellcasting
  8529 | D:5      | Found an iron altar of Okawaru.
  8658 | D:5      | Found a basalt altar of Yredelemnul.
  9490 | D:6      | HP: 4/111 [wraith (7)]
  9492 | D:6      | Slain by a wraith

Illustrated notes

Levels and vault maps discovered:
D:1:      elethiomel_arrival_infinity_welcomes_careful_drivers, layout_rooms,
          shapermc_ecumenical_altar_ellora, serial_bayou_pond_e,
          solitary_fountain
D:2:      layout_loops_ring, serial_shops, nicolae_shop_stone,
          corexii_corridor_pit, grunt_decor_junction, due_unseen_surprise
D:3:      layout_rooms
D:4:      layout_basic, nicolae_ru_great_annihilating_truth
D:5:      layout_basic, yredelemnul_forgotten_temple_becter, lemuel_tele_altar
D:6:      layout_loops_ring, gammafunk_temple_overflow_wave

Skill      XL: |  1  2  3  4  5  6  7  8  9 |
---------------+----------------------------+-----
Fire Magic     | 2 3 4 |  4.2
Invocations    | 1 2 3 4 |  4.7
Short Blades   | 1 2 3 4 |  4.3
Axes           | 1 2 3 4 |  4.3
Maces & Flails | 1 2 3 4 |  4.3
Polearms       | 1 2 3 4 |  4.3
Staves         | 1 2 3 4 |  4.3
Slings         | 1 2 3 4 |  4.3
Bows           | 1 2 3 4 |  4.3
Crossbows      | 1 2 3 4 |  4.3
Throwing       | 1 2 3 4 |  4.3
Armour         | 1 2 3 4 |  4.3
Dodging        | 1 2 3 4 |  4.3
Stealth        | 1 2 3 4 |  4.3
Shields        | 1 2 3 4 |  4.3
Unarmed Combat | 1 2 3 4 |  4.3
Evocations     | 1 2 3 4 |  4.3
Spellcasting   | 3 4 5 |  5.2
Conjurations   | 1 2 3 |  3.5
Hexes          | 1 2 3 |  3.5
Summonings     | 1 2 3 |  3.5
Necromancy     | 1 2 3 |  3.5
Translocations | 1 2 3 |  3.5
Transmutations | 1 2 3 |  3.5
Ice Magic      | 1 2 3 |  3.5
Air Magic      | 1 2 3 |  3.5
Earth Magic    | 1 2 3 |  3.5
Poison Magic   | 1 2 3 |  3.5
Fighting       | 7 |  7.9
Long Blades    | 7 |  7.9

Action                   |  1- 3 |  4- 6 |  7- 9 || total
-------------------------+-------+-------+-------++-------
Melee: Falchion          |   114 |    94 |   290 ||   498
       Bite              |     5 |     8 |    26 ||    39
       Punch             |       |       |     2 ||     2
 Fire: Hunting sling     |       |     4 |    13 ||    17
Throw: Javelin           |       |       |     8 ||     8
       Stone             |       |       |     2 ||     2
       Dart              |       |       |     2 ||     2
 Cast: Foxfire           |    11 |    75 |    84 ||   170
Invok: Foxfire Swarm     |       |       |     1 ||     1
Evoke: Wand              |       |     4 |     2 ||     6
  Use: Potion            |       |       |     6 ||     6
       Scroll            |       |       |     2 ||     2
 Stab: Sleeping          |     1 |       |       ||     1
       Paralysed         |       |     3 |     7 ||    10
Armor: Robe              |    22 |     5 |       ||    27
       Ring mail         |       |    44 |    14 ||    58
       Scale mail        |       |       |   112 ||   112
       Skin              |       |       |    43 ||    43
Dodge: Dodged            |    54 |    82 |   167 ||   303

Table legend: (Time is in decaauts)
 A = Elapsed time spent in this place.
 B = Non-inter-level travel time spent in this place.
 C = Inter-level travel time spent in this place.
 D = Time resting spent in this place.
 E = Time spent auto-exploring this place.
 F = Levels seen in this place.
 G = Mean time per level.
                   A        B        C        D        E       F      G
               +--------+--------+--------+--------+--------+-----+--------+
         Total |   9501 |   9129 |    372 |   2891 |   4531 |   6 | 1583.5 |
       Dungeon |   9501 |   9129 |    372 |   2891 |   4531 |   6 | 1583.5 |
               +--------+--------+--------+--------+--------+-----+--------+

Top non-repeatable levels by time:
     D:4: 2702 daAuts
     D:2: 2538 daAuts
     D:5: 1661 daAuts
     D:1: 1169 daAuts
     D:6: 991 daAuts
     D:3: 438 daAuts
